 Dungeon Crawl Stone Soup version 0.30-a0-169-g06f667207d (webtiles) character file.

Game seed: 17279434884744601435

9870 qw the Cleaver (level 11, 0/72 HPs)
             Began as a Gargoyle Fighter on Sept 30, 2022.
             Was an Elder of Okawaru.
             Slain by a killer bee (2 damage)
             ... on level 10 of the Dungeon.
             The game lasted 00:04:04 (10034 turns).

qw the Cleaver (Gargoyle Fighter)                  Turns: 10034, Time: 00:04:05

Health: 0/72       AC: 28    Str: 27    XL:     11   Next: 53%
Magic:  5/5        EV:  6    Int:  9    God:    Okawaru [****..]
Gold:   374        SH: 10    Dex:  8    Spells: 10/10 levels left

rFire   . . .      SeeInvis .    Y - +4 war axe (antimagic)
rCold   + . .      Faith    .    u - +2 kite shield
rNeg    + + .      Spirit   .    z - +0 plate armour
rPois   inf        Reflect  .    n - +0 helmet
rElec   +          Harm     .    l - +0 cloak
rCorr   .          Rampage  .    j - +0 pair of gloves
Will    .....                    t - +0 pair of boots
Stlth   ..........               (no amulet)
HPRegen 0.22/turn                m - ring of positive energy
MPRegen 0.09/turn                y - ring of protection from cold

@: about to teleport
A: sickness immunity, AC +8, negative energy resistance 1, electricity
resistance, torment resistance 1, petrification resistance, iridescent scales 1,
strong 1, wild magic 1
a: Renounce Religion, Heroism, Finesse


You were on level 10 of the Dungeon.
You worshipped Okawaru.
Okawaru was greatly pleased with you.
You visited 2 branches of the dungeon, and saw 11 of its levels.

You collected 833 gold pieces.
You spent 459 gold pieces at shops.


Innate Abilities, Weirdness & Mutations

You are immune to sickness and miasma.
Your stone body is resilient. (AC +8)
You are immune to poison.
You resist negative energy. (rN+)
You are resistant to electric shocks. (rElec)
You are resistant to unholy torment.
You are immune to petrification.
You are partially covered in iridescent scales. (AC +2)
Your muscles are strong. (Str +4, Int/Dex -1)
Your spells are a little harder to cast, but a little more powerful.


   Skills:
 - Level 9.8 Fighting
 - Level 11.5 Axes
 - Level 1.0 Throwing
 - Level 7.0 Armour
 - Level 2.2 Dodging
 + Level 6.1 Shields
 + Level 5.9 Invocations


You had 10 spell levels left.
You didn't know any spells.
Your spell library was empty.

Inventory:

Hand Weapons
 k - a +0 morningstar
 Y - a +4 antimagic war axe (weapon)
Armour
 j - a +0 pair of gloves (worn)
 l - a +0 cloak (worn)
 n - a +0 helmet (worn)
 t - a +0 pair of boots (worn)
 u - a +2 kite shield (worn)
 z - a +0 plate armour (worn)
Jewellery
 f - a ring of positive energy
 i - a ring of fire
 m - a ring of positive energy (left hand)
 y - a ring of protection from cold (right hand)
Scrolls
 a - a scroll of identify
 b - a scroll of teleportation
Potions
 c - a potion of magic
 d - 5 potions of might
 e - 2 potions of lignification
 g - 4 potions of curing
 h - 4 potions of resistance
 p - 4 potions of haste
 q - 2 potions of mutation
 s - 3 potions of attraction
 x - a potion of cancellation

Dungeon Overview and Level Annotations

Branches:
Dungeon (10/15)            Temple (1/1) D:6            Lair (0/5) D:10
    Orc (0/2) D:9

Altars:
Ashenzari
Cheibriados
Dithmenos
Elyvilon
Fedhas
Gozag
Hepliaklqana
Kikubaaqudgha
Makhleb
Nemelex Xobeh
Okawaru
Qazlal
Ru
Sif Muna
Trog
Uskayaw
Vehumet
Xom
Yredelemnul
Zin
The Shining One

Shops:
D:4 ((   D:6 !

Annotations:
D:10 Snorg


Message History

Snorg claws you but does no damage. Snorg claws you.
You closely miss Snorg.
Snorg is moderately wounded.
Snorg barely misses you. You block Snorg's attack.
Snorg claws you but does no damage.
You slice Snorg!!
Snorg is heavily wounded.
Snorg closely misses you. You block Snorg's attack. Snorg barely misses you.
You hit Snorg.
Snorg is heavily wounded.
Snorg barely misses you. Snorg claws you. Snorg claws you but does no damage.
You block Snorg's attack. Snorg barely misses you. Snorg claws you.
You barely miss Snorg.
Snorg is heavily wounded.
Your surroundings suddenly seem different. 2 killer bees come into view.
The killer bee buzzes angrily. x3
10031 ||| READING 2 scrolls of teleportation.
As you read the scroll of teleportation, it crumbles to dust.
You feel strangely unstable. You block the killer bee's attack.
The killer bee stings you but does no damage.
You slash the killer bee!
The killer bee is heavily wounded.
You miss the killer bee. You block the killer bee's attack.
The killer bee closely misses you.
The killer bee stings you but does no damage. x2
The killer bee barely misses you.
You slash the killer bee!
You kill the killer bee!
Okawaru accepts your kill.
You slash the killer bee! You barely miss the killer bee.
The killer bee stings you but does no damage.
The killer bee barely misses you.
You barely miss the killer bee.
The killer bee is heavily wounded.
You miss the killer bee.
You feel like a meek peon again.
The killer bee barely misses you. x2; The killer bee stings you.
You die...

... ....... ... .y.....
.......... ####....y..
......... ...#?...T..
......... ...#.......
......... ...T....#
#........ ...'....#
#........
...#....#......#y.......
...#....#......#@y...#
...#....#......#####.#
...#....#..........#
...#....#..........#
...#....#..........#
####....#..........#
.......##..........#.#######
.......'...........#........
.....))#...........#........


You could see 2 killer bees.

Vanquished Creatures
  Gastronok (D:8)
  Josephine (D:10)
  A two-headed ogre (D:8)
  Pikel (D:9)
  An ugly thing (D:9)
  A gargoyle (D:8)
  A troll (D:9)
  A hornet (D:8)
  Prince Ribbit (D:7)
  Sigmund (D:6)
  3 wraiths (D:10)
  A wyvern (D:9)
  A steam dragon (D:10)
  Edmund (D:4)
  An acid dragon (D:9)
  2 water moccasins
  9 orc warriors
  An ice beast (D:5)
  A sky beast (D:8)
  2 ogres (D:6)
  A black bear (D:5)
  A centaur (D:9)
  4 lemures (D:9)
  3 kobold brigands
  8 bullfrogs
  2 gnoll sergeants (D:9)
  8 scorpions
  A necrophage (D:7)
  10 wights
  3 killer bees
  2 howler monkeys (D:8)
  5 hounds
  2 jellies
  5 orc priests
  2 iguanas
  12 orc wizards
  Robin (D:4)
  9 gnolls
  4 adders
  2 shadow imps (D:6)
  2 white imps (D:6)
  3 worms
  A dart slug (D:1)
  26 orcs
  3 endoplasms
  2 giant cockroaches
  12 goblins
  12 hobgoblins
  13 jackals
  4 quokkas
  6 ball pythons
  8 bats
  2 frilled lizards (D:1)
  22 kobolds
  6 rats
239 creatures vanquished.

Vanquished Creatures (others)
  4 demonic plants (D:6)
  3 plants (D:6)
7 creatures vanquished.

Grand Total: 246 creatures vanquished

Notes
Turn   | Place    | Note
-------+----------+-------------------------------------------
     0 | D:1      | qw the Gargoyle Fighter began the quest for the Orb.
     0 | D:1      | Reached XP level 1. HP: 14/14 MP: 1/1
     0 | D:1      | 0 ||| qw: Version: 0.2-a-12-gaebbb33
     0 | D:1      | 0 ||| qw: Game counter: 1369
     0 | D:1      | 0 ||| qw: Always use a shield: true
     0 | D:1      | 0 ||| qw: God list: Okawaru
     0 | D:1      | 0 ||| qw: Allow faded altars: false
     0 | D:1      | 0 ||| qw: Do Orc after D:15 true
     0 | D:1      | 0 ||| qw: Do second Lair branch before Depths: true
     0 | D:1      | 0 ||| qw: Lair rune preference: random
     0 | D:1      | 0 ||| qw: Plans: Normal, Zot:1-4, God:TSO, Crypt, Tomb,
                  | Pan, Slime:5, Hells, Abyss, Orb
     0 | D:1      | 0 ||| PLANNING D:1-11
    68 | D:1      | 68 ||| Stepping ~*~*~tactically~*~*~ (stealth).
    70 | D:1      | 70 ||| Stepping ~*~*~tactically~*~*~ (stealth).
    75 | D:1      | Reached skill level 2 in Axes
    88 | D:1      | Reached XP level 2. HP: 18/19 MP: 2/2
   140 | D:1      | 140 ||| Stepping ~*~*~tactically~*~*~ (stealth).
   201 | D:1      | 201 ||| Stepping ~*~*~tactically~*~*~ (stealth).
   245 | D:1      | 245 ||| Stepping ~*~*~tactically~*~*~ (stealth).
   257 | D:1      | 257 ||| DROPPING +0 club.
   283 | D:1      | Reached skill level 3 in Axes
   359 | D:1      | 359 ||| Stepping ~*~*~tactically~*~*~ (stealth).
   363 | D:1      | Reached XP level 3. HP: 23/23 MP: 3/3
   479 | D:1      | 479 ||| Stepping ~*~*~tactically~*~*~ (stealth).
   678 | D:1      | Found a faded altar of an unknown god.
   681 | D:1      | 681 ||| UPGRADING to +0 pair of gloves.
   686 | D:1      | 686 ||| DROPPING ring of flight.
   687 | D:1      | 687 ||| READING 2 scrolls labelled SOLYXKO VIPIGI.
   948 | D:2      | Reached XP level 4. HP: 28/28 MP: 4/4
  1310 | D:2      | 1310 ||| READING scroll labelled EPNYDU XUERAKK.
  1311 | D:2      | 1311 ||| DRINKING 3 red potions.
  1312 | D:2      | 1312 ||| DRINKING 2 lumpy inky potions.
  1313 | D:2      | 1313 ||| DROPPING 2 potions of invisibility.
  1314 | D:2      | 1314 ||| DROPPING potion of brilliance.
  1365 | D:3      | Reached skill level 4 in Axes
  1629 | D:3      | 1629 ||| Stepping ~*~*~tactically~*~*~ (stealth).
  1709 | D:3      | Identified the +5 whip "Acotic" {vorpal, rN+ Stlth+}
  1718 | D:3      | 1718 ||| DROPPING +0 whip.
  2168 | D:3      | 2168 ||| DROPPING amulet of faith.
  2169 | D:3      | 2169 ||| READING scroll labelled GACZIK ZOINO.
  2173 | D:3      | 2173 ||| READING scroll labelled GEOLOEMENU.
  2173 | D:3      | Identified a scroll of acquirement
  2173 | D:3      | 2173 ||| ACQUIRING +0 antimagic war axe
  2173 | D:3      | Acquired a +0 antimagic war axe
  2175 | D:3      | 2175 ||| SWAPPING to +0 antimagic war axe.
  2176 | D:3      | 2176 ||| DROPPING +0 war axe.
  2177 | D:3      | 2177 ||| READING scroll labelled KUXUFE USEG.
  2178 | D:3      | 2178 ||| READING 2 scrolls labelled XISCHA LOPNIO.
  2227 | D:3      | 2227 ||| READING 2 scrolls of identify.
  2227 | D:3      | 2227 ||| IDENTIFYING fizzy clear potion
  2228 | D:3      | 2228 ||| DROPPING scroll of torment.
  2236 | D:4      | 2236 ||| PLANNING OSSUARY
  2310 | D:4      | Reached XP level 5. HP: 21/32 MP: 1/5
  2433 | D:4      | Reached skill level 5 in Axes
  2507 | D:4      | Noticed Robin
  2508 | D:4      | 2508 ||| Stepping ~*~*~tactically~*~*~ (hiding).
  2522 | D:4      | Killed Robin
  2565 | D:4      | 2565 ||| FLEEEEING.
  2566 | D:4      | 2566 ||| FLEEEEING.
  2567 | D:4      | 2567 ||| FLEEEEING.
  2568 | D:4      | 2568 ||| FLEEEEING.
  2569 | D:4      | 2569 ||| FLEEEEING.
  2570 | D:4      | 2570 ||| FLEEEEING.
  2571 | D:4      | 2571 ||| FLEEEEING.
  2572 | D:4      | 2572 ||| STAIRDANCE
  2692 | D:4      | 2692 ||| STAIRDANCE
  2700 | D:3      | 2700 ||| READING scroll labelled UHUPHE SOMOYQE.
  2770 | D:4      | Reached XP level 6. HP: 39/39 MP: 2/6
  2816 | D:4      | Reached skill level 1 in Dodging
  2906 | D:4      | Reached skill level 1 in Throwing
  2940 | D:4      | 2940 ||| RIP OSSUARY
  2958 | D:4      | 2958 ||| PLANNING D:1-11
  3033 | D:4      | Found Jaasmeoqe's Antique Weapon Shoppe.
  3080 | D:4      | Found Erulo's Antique Weapon Shoppe.
  3087 | D:4      | Reached XP level 7. HP: 41/44 MP: 2/7
  3118 | D:4      | 3118 ||| BUYING flail (63 gold).
  3118 | D:4      | Bought a flail for 63 gold pieces
  3118 | D:4      | 3118 ||| DROPPING +5 whip "Acotic" {vorpal, rN+ Stlth+}.
  3169 | D:4      | Noticed Edmund
  3190 | D:4      | Killed Edmund
  3191 | D:4      | Reached skill level 6 in Axes
  3362 | D:4      | 3362 ||| DROPPING +0 flail.
  3506 | D:4      | 3506 ||| UPGRADING to +0 helmet.
  3511 | D:4      | 3511 ||| UPGRADING to +0 chain mail.
  3521 | D:4      | 3521 ||| DROPPING +0 scale mail.
  3522 | D:4      | 3522 ||| UPGRADING to +0 pair of boots.
  3527 | D:4      | 3527 ||| UPGRADING to ring of positive energy.
  3528 | D:4      | 3528 ||| READING scroll labelled UPPALO AJEM.
  3529 | D:4      | 3529 ||| DRINKING 2 dark potions.
  3530 | D:4      | 3530 ||| READING 2 scrolls of identify.
  3530 | D:4      | 3530 ||| IDENTIFYING clear potion
  3558 | D:5      | Entered Level 5 of the Dungeon
  3580 | D:5      | 3580 ||| Stepping ~*~*~tactically~*~*~ (stealth).
  3660 | D:5      | Reached skill level 7 in Axes
  3921 | D:5      | Reached XP level 8. HP: 49/49 MP: 2/8
  3950 | D:5      | 3950 ||| READING scroll of enchant weapon.
  3950 | D:5      | 3950 ||| ENCHANTING +1 antimagic war axe.
  4059 | D:5      | Found a shimmering blue altar of Sif Muna.
  4140 | D:5      | 4140 ||| Stepping ~*~*~tactically~*~*~ (stealth).
  4141 | D:5      | 4141 ||| Stepping ~*~*~tactically~*~*~ (hiding).
  4144 | D:5      | 4144 ||| Stepping ~*~*~tactically~*~*~ (stealth).
  4483 | D:5      | 4483 ||| READING scroll labelled GAIPAWK IHAMA.
  4484 | D:5      | 4484 ||| DRINKING 2 metallic amethyst potions.
  4485 | D:5      | 4485 ||| DROPPING potion of magic.
  4504 | D:6      | 4504 ||| STAIRDANCE
  4519 | D:6      | 4519 ||| STAIRDANCE
  4555 | D:6      | 4555 ||| Stepping ~*~*~tactically~*~*~ (hiding).
  4559 | D:6      | 4559 ||| Stepping ~*~*~tactically~*~*~ (hiding).
  4600 | D:6      | Found Eduel's Distillery.
  4606 | D:6      | 4606 ||| BUYING 2 potions of haste (220 gold).
  4606 | D:6      | Bought 2 potions of haste for 220 gold pieces
  4606 | D:6      | 4606 ||| BUYING potion of attraction (33 gold).
  4606 | D:6      | Bought a potion of attraction for 33 gold pieces
  4606 | D:6      | 4606 ||| BUYING potion of attraction (33 gold).
  4606 | D:6      | Bought a potion of attraction for 33 gold pieces
  4606 | D:6      | 4606 ||| BUYING potion of haste (110 gold).
  4606 | D:6      | Bought a potion of haste for 110 gold pieces
  4606 | D:6      | 4606 ||| SHOPLISTING potion of heal wounds (55 gold, have
                  | 22).
  4606 | D:6      | 4606 ||| SHOPLISTING potion of might (44 gold, have 22).
  4606 | D:6      | 4606 ||| SHOPLISTING potion of mutation (88 gold, have 22).
  4657 | D:6      | 4657 ||| Stepping ~*~*~tactically~*~*~ (stealth).
  4746 | D:6      | Found a staircase to the Ecumenical Temple.
  4747 | D:6      | 4747 ||| PLANNING TEMPLE
  4747 | D:6      | 4747 ||| READING scroll labelled CIFUSU TUSOQOU.
  4760 | D:6      | HP: 7/49 [iguana (10)]
  4761 | D:6      | 4761 ||| READING scroll of teleportation.
  4762 | D:6      | 4762 ||| DRINKING potion of heal wounds.
  4765 | D:6      | Reached skill level 8 in Axes
  4773 | D:6      | 4773 ||| FLEEEEING.
  4858 | D:6      | 4858 ||| FLEEEEING.
  4859 | D:6      | 4859 ||| FLEEEEING.
  4861 | D:6      | 4861 ||| Stepping ~*~*~tactically~*~*~ (hiding).
  4863 | D:6      | 4863 ||| Stepping ~*~*~tactically~*~*~ (hiding).
  4864 | D:6      | 4864 ||| Stepping ~*~*~tactically~*~*~ (hiding).
  4865 | D:6      | 4865 ||| Stepping ~*~*~tactically~*~*~ (hiding).
  4900 | D:6      | 4900 ||| FLEEEEING.
  4902 | D:6      | 4902 ||| FLEEEEING.
  4924 | Temple   | Entered the Ecumenical Temple
  4925 | Temple   | 4925 ||| PLANNING OKAWARU WORSHIP
  4940 | Temple   | Became a worshipper of Warmaster Okawaru
  4941 | Temple   | 4941 ||| PLANNING D:1-11
  5006 | D:6      | Reached skill level 6 in Fighting
  5061 | D:6      | Noticed Sigmund
  5062 | D:6      | 5062 ||| Stepping ~*~*~tactically~*~*~ (stealth).
  5063 | D:6      | 5063 ||| Stepping ~*~*~tactically~*~*~ (stealth).
  5076 | D:6      | Killed Sigmund
  5077 | D:6      | Reached XP level 9. HP: 54/56 MP: 3/9
  5140 | D:6      | 5140 ||| Stepping ~*~*~tactically~*~*~ (stealth).
  5142 | D:6      | 5142 ||| Stepping ~*~*~tactically~*~*~ (hiding).
  5158 | D:6      | 5158 ||| Stepping ~*~*~tactically~*~*~ (hiding).
  5184 | D:6      | 5184 ||| Stepping ~*~*~tactically~*~*~ (stealth).
  5191 | D:6      | Reached skill level 9 in Axes
  5312 | D:6      | Found a glowing silver altar of Zin.
  5410 | D:7      | Found a sacrificial altar of Ru.
  5410 | D:7      | Found a bloodstained altar of Trog.
  5937 | D:7      | Noticed Prince Ribbit
  5953 | D:7      | Killed Prince Ribbit
  5953 | D:7      | Reached * piety under Okawaru
  6200 | D:7      | Found a shadowy altar of Dithmenos.
  6589 | D:7      | 6589 ||| UPGRADING to +3 chain mail.
  6599 | D:7      | 6599 ||| DROPPING +0 chain mail.
  6600 | D:7      | 6600 ||| UPGRADING to ring of positive energy.
  6601 | D:7      | 6601 ||| READING scroll labelled GEBUNAZYGEE.
  6602 | D:7      | 6602 ||| DRINKING 2 coppery potions.
  6603 | D:7      | 6603 ||| DRINKING 2 purple potions.
  6704 | D:7      | 6704 ||| DROPPING potion of ambrosia.
  6749 | D:8      | Noticed Gastronok
  6750 | D:8      | 6750 ||| Stepping ~*~*~tactically~*~*~ (hiding).
  6757 | D:8      | 6757 ||| INVOKING Heroism.
  6773 | D:8      | 6773 ||| INVOKING Heroism.
  6783 | D:8      | Killed Gastronok
  6783 | D:8      | Reached ** piety under Okawaru
  6784 | D:8      | Reached skill level 9 in Fighting
  6784 | D:8      | Reached XP level 10. HP: 65/68 MP: 0/10
  6789 | D:8      | 6789 ||| Stepping ~*~*~tactically~*~*~ (stealth).
  6800 | D:8      | Found a flagged portal.
  6801 | D:8      | 6801 ||| INVOKING Heroism.
  6807 | D:8      | Reached skill level 1 in Invocations
  6810 | D:8      | Noticed a two-headed ogre
  6819 | D:8      | HP: 17/68 [two-headed ogre/+0 giant club (18)]
  6820 | D:8      | 6820 ||| READING scroll of teleportation.
  6821 | D:8      | 6821 ||| DRINKING 2 potions of heal wounds.
  6825 | D:8      | 6825 ||| INVOKING Heroism.
  6853 | D:8      | 6853 ||| INVOKING Heroism.
  6877 | D:8      | 6877 ||| INVOKING Heroism.
  6879 | D:8      | Reached skill level 3 in Invocations
  6886 | D:8      | Noticed a gargoyle
  6891 | D:8      | HP: 10/68 [gargoyle/stone arrow (16)]
  6892 | D:8      | 6892 ||| DRINKING potion of heal wounds.
  6894 | D:8      | Killed a gargoyle
  6914 | D:8      | 6914 ||| Stepping ~*~*~tactically~*~*~ (stealth).
  6915 | D:8      | 6915 ||| Stepping ~*~*~tactically~*~*~ (stealth).
  6916 | D:8      | 6916 ||| Stepping ~*~*~tactically~*~*~ (stealth).
  6917 | D:8      | 6917 ||| Stepping ~*~*~tactically~*~*~ (stealth).
  6918 | D:8      | 6918 ||| Stepping ~*~*~tactically~*~*~ (stealth).
  6919 | D:8      | 6919 ||| Stepping ~*~*~tactically~*~*~ (stealth).
  6920 | D:8      | 6920 ||| Stepping ~*~*~tactically~*~*~ (stealth).
  6921 | D:8      | 6921 ||| Stepping ~*~*~tactically~*~*~ (stealth).
  6922 | D:8      | 6922 ||| INVOKING Heroism.
  6928 | D:8      | HP: 17/68 [two-headed ogre/+0 giant club (18)]
  6932 | D:8      | Killed a two-headed ogre
  6932 | D:8      | Reached *** piety under Okawaru
  6944 | D:8      | 6944 ||| INVOKING Heroism.
  6950 | D:8      | HP: 17/68 [something (4)]
  6960 | D:8      | HP: 15/68 [sky beast (3)]
  6988 | D:8      | 6988 ||| Stepping ~*~*~tactically~*~*~ (stealth).
  6989 | D:8      | 6989 ||| INVOKING Heroism.
  7073 | D:8      | 7073 ||| Stepping ~*~*~tactically~*~*~ (stealth).
  7113 | D:8      | 7113 ||| Stepping ~*~*~tactically~*~*~ (stealth).
  7117 | D:8      | 7117 ||| Stepping ~*~*~tactically~*~*~ (stealth).
  7120 | D:8      | 7120 ||| Stepping ~*~*~tactically~*~*~ (stealth).
  7122 | D:8      | 7122 ||| INVOKING Heroism.
  7128 | D:8      | Reached skill level 10 in Axes
  7258 | D:8      | 7258 ||| READING scroll of enchant weapon.
  7258 | D:8      | 7258 ||| ENCHANTING +2 antimagic war axe.
  7285 | D:8      | 7285 ||| Stepping ~*~*~tactically~*~*~ (stealth).
  7302 | D:8      | 7302 ||| READING scroll of enchant weapon.
  7302 | D:8      | 7302 ||| ENCHANTING +3 antimagic war axe.
  7612 | D:8      | 7612 ||| UPGRADING to +0 cloak.
  7617 | D:8      | 7617 ||| READING 3 scrolls of identify.
  7617 | D:8      | 7617 ||| IDENTIFYING glowing golden potion
  7618 | D:8      | 7618 ||| READING 2 scrolls of identify.
  7618 | D:8      | 7618 ||| IDENTIFYING amethyst potion
  7619 | D:8      | 7619 ||| DROPPING potion of berserk rage.
  7620 | D:8      | 7620 ||| DROPPING potion of flight.
  7639 | D:9      | 7639 ||| STAIRDANCE
  7701 | D:9      | 7701 ||| INVOKING Heroism.
  7709 | D:9      | Reached skill level 6 in Armour
  7746 | D:9      | 7746 ||| Stepping ~*~*~tactically~*~*~ (stealth).
  7862 | D:9      | 7862 ||| INVOKING Heroism.
  8039 | D:9      | 8039 ||| Stepping ~*~*~tactically~*~*~ (hiding).
  8052 | D:9      | 8052 ||| INVOKING Heroism.
  8251 | D:9      | 8251 ||| INVOKING Heroism.
  8299 | D:9      | 8299 ||| INVOKING Heroism.
  8470 | D:9      | 8470 ||| Stepping ~*~*~tactically~*~*~ (stealth).
  8481 | D:9      | 8481 ||| INVOKING Heroism.
  8606 | D:9      | Found a hide-covered altar of Uskayaw.
  8679 | D:9      | Noticed Pikel
  8680 | D:9      | 8680 ||| INVOKING Heroism.
  8693 | D:9      | Reached XP level 11. HP: 72/72 MP: 2/14
  8704 | D:9      | Killed Pikel
  8705 | D:9      | Reached skill level 11 in Axes
  9085 | D:9      | Noticed a white ugly thing
  9086 | D:9      | 9086 ||| INVOKING Heroism.
  9098 | D:9      | Killed a white ugly thing
  9339 | D:9      | 9339 ||| INVOKING Heroism.
  9361 | D:9      | Reached **** piety under Okawaru
  9476 | D:9      | Found a staircase to the Orcish Mines.
  9486 | D:9      | 9486 ||| UPGRADING to +2 kite shield.
  9496 | D:9      | 9496 ||| DROPPING +0 buckler.
  9497 | D:9      | 9497 ||| UPGRADING to +0 plate armour.
  9507 | D:9      | 9507 ||| DROPPING +3 chain mail.
  9508 | D:9      | 9508 ||| DROPPING amulet of guardian spirit.
  9509 | D:9      | 9509 ||| UPGRADING to ring of protection from cold.
  9511 | D:9      | 9511 ||| READING 2 scrolls labelled VUZIFY XIEFU.
  9512 | D:9      | 9512 ||| READING scroll labelled UTSYITRUMO.
  9513 | D:9      | 9513 ||| DRINKING 3 pink potions.
  9513 | D:9      | Gained mutation: You passively map a small area around you.
                  | [potion of mutation]
  9513 | D:9      | Gained mutation: Your spells are a little harder to cast,
                  | but a little more powerful. [potion of mutation]
  9513 | D:9      | Gained mutation: You are frail. (-10% HP) [potion of
                  | mutation]
  9513 | D:9      | Gained mutation: Your flesh is cold resistant. (rC+)
                  | [potion of mutation]
  9514 | D:9      | 9514 ||| DRINKING 2 potions of mutation.
  9514 | D:9      | Lost mutation: You passively map a small area around you.
                  | [potion of mutation]
  9514 | D:9      | Lost mutation: Your flesh is cold resistant. (rC+) [potion
                  | of mutation]
  9514 | D:9      | Lost mutation: You are frail. (-10% HP) [potion of
                  | mutation]
  9514 | D:9      | Gained mutation: Your muscles are strong. (Str +4, Int/Dex
                  | -1) [potion of mutation]
  9514 | D:9      | Gained mutation: You are partially covered in iridescent
                  | scales. (AC +2) [potion of mutation]
  9550 | D:9      | 9550 ||| READING 3 scrolls of identify.
  9550 | D:9      | 9550 ||| IDENTIFYING fuming pink potion
  9551 | D:9      | 9551 ||| READING 2 scrolls of identify.
  9551 | D:9      | 9551 ||| IDENTIFYING white potion
  9552 | D:9      | 9552 ||| DROPPING scroll of fog.
  9553 | D:9      | 9553 ||| DROPPING potion of degeneration.
  9586 | D:10     | Entered Level 10 of the Dungeon
  9586 | D:10     | Noticed Josephine
  9587 | D:10     | 9587 ||| INVOKING Heroism.
  9600 | D:10     | Killed Josephine
  9631 | D:10     | Found a stormy altar of Qazlal.
  9643 | D:10     | 9643 ||| Stepping ~*~*~tactically~*~*~ (stealth).
  9645 | D:10     | Found a staircase to the Lair.
  9646 | D:10     | 9646 ||| INVOKING Heroism.
  9747 | D:10     | 9747 ||| Stepping ~*~*~tactically~*~*~ (hiding).
  9748 | D:10     | 9748 ||| Stepping ~*~*~tactically~*~*~ (stealth).
  9762 | D:10     | 9762 ||| INVOKING Heroism.
  9771 | D:10     | Reached skill level 6 in Shields
  9792 | D:10     | 9792 ||| DROPPING +2 flail of protection.
  9812 | D:10     | Found a glowing golden altar of the Shining One.
  9815 | D:10     | Found a burning altar of Makhleb.
  9815 | D:10     | Found a hazy altar of Hepliaklqana.
  9887 | D:10     | 9887 ||| INVOKING Heroism.
  9997 | D:10     | Noticed Snorg
  9998 | D:10     | 9998 ||| Stepping ~*~*~tactically~*~*~ (stealth).
  9999 | D:10     | 9999 ||| Stepping ~*~*~tactically~*~*~ (stealth).
 10002 | D:10     | 10002 ||| INVOKING Heroism.
 10024 | D:10     | HP: 16/72 [Snorg (7)]
 10025 | D:10     | 10025 ||| READING 3 scrolls of teleportation.
 10028 | D:10     | HP: 5/72 [Snorg (6)]
 10028 | D:10     | HP: 1/72 [Snorg (4)]
 10031 | D:10     | 10031 ||| READING 2 scrolls of teleportation.
 10034 | D:10     | Slain by a killer bee

Levels and vault maps discovered:
D:1:      wander_arrival_lonely_grave, layout_rooms,
          dilly_ecumenical_altar_fadedgnrine, corexii_leaking_fountain,
          minmay_split_cup_large
D:2:      layout_loops_ring, minmay_tetromino_s4
D:3:      layout_basic
D:4:      layout_basic, serial_shops, nicolae_lakefront_shop, kennysheep_mini,
          enter_ossuary_5, amethyst_killhole, uniq_edmund, uniq_robin
D:5:      layout_cave_pools, amcnicky_altar_gilded, nrook_campfire
D:6:      layout_cave_pools, zin_scriptorium,
          minmay_temple_entry_gardened_gates, serial_shops,
          kennysheep_little_box, serial_demonic, serial_demonic_g,
          serial_demonic_c, serial_demonic_a, serial_demonic_g,
          serial_demonic_c, serial_demonic_e, uniq_sigmund
D:7:      layout_layer_cave, kennysheep_mini_moat,
          chequers_temple_overflow_statue_of_worship, uniq_menkaure,
          uniq_prince_ribbit1
D:8:      layout_cave_pools, enter_bailey_2, uniq_gastronok
D:9:      minmay_bubble_buster, layout_irregular_city,
          nicolae_uskayaw_dance_hall, david_orc_4, lightli_fourway_metalbox,
          uniq_pikel
D:10:     layout_irregular_city, nicolae_overflow_hidden_temple,
          lair_entry_dummy, uniq_snorg, uniq_maggie, uniq_josephine
Temple:   minmay_freezing_vapour_temple

Skill      XL: |  1  2  3  4  5  6  7  8  9 10 11 |
---------------+----------------------------------+-----
Axes           | 2 3 4 5 7 8 9 10 11 | 11.5
Fighting       | 4 5 6 9 |  9.8
Dodging        | 1 2 |  2.2
Throwing       | 1 |  1.0
Armour         | 4 5 7 |  7.0
Shields        | 4 5 6 |  6.1
Invocations    | 4 5 |  5.9

Action                   |  1- 3 |  4- 6 |  7- 9 | 10-12 || total
-------------------------+-------+-------+-------+-------++-------
Melee: War axe           |    86 |   166 |   195 |   325 ||   772
Throw: Boomerang         |    34 |    48 |    37 |    18 ||   137
       Javelin           |       |     5 |     3 |       ||     8
Invok: Heroism           |       |       |     2 |    22 ||    24
  Use: Scroll            |     1 |     7 |     7 |    11 ||    26
       Potion            |       |     2 |     5 |     4 ||    11
Armor: Scale mail        |    52 |    97 |     4 |       ||   153
       Chain mail        |       |       |   119 |   149 ||   268
       Plate armour      |       |       |       |    49 ||    49
Dodge: Dodged            |    38 |    82 |    53 |   120 ||   293
Block: Buckler           |    19 |    39 |    27 |    64 ||   149
       Kite shield       |       |       |       |    52 ||    52

Table legend:
 A = Non-vault XP
 B = Vault XP
 C = Vault XP percentage of total XP
 D = Non-vault monster count
 E = Vault monster count
 F = Vault count percentage of total count
                 A         B        C        D         E       F
            +---------+---------+-------+---------+---------+-------
      Total |    6811 |    7289 |  51.7 |     174 |      61 |  26.0
            +---------+---------+-------+---------+---------+-------
        D:1 |      43 |       9 |  17.3 |      25 |       5 |  16.7
        D:2 |      34 |       7 |  17.1 |      12 |       2 |  14.3
        D:3 |      39 |       2 |   4.9 |      18 |       1 |   5.3
        D:4 |     492 |     208 |  29.7 |      18 |      11 |  37.9
        D:5 |     663 |       0 |   0.0 |      12 |       0 |   0.0
        D:6 |     816 |     257 |  24.0 |      19 |       5 |  20.8
        D:7 |     131 |     264 |  66.8 |       3 |       1 |  25.0
        D:8 |    2724 |    1606 |  37.1 |      36 |       1 |   2.7
        D:9 |    1239 |    3420 |  73.4 |      17 |      31 |  64.6
       D:10 |     630 |    1516 |  70.6 |      14 |       4 |  22.2
            +---------+---------+-------+---------+---------+-------
